Map: Inside and Out

Players

GuMiho - Winner!

  • Race: Terran Terran
  • Spawn Location: 7:00

Vindicta

  • Race: Terran Terran
  • Spawn Location: 1:00

Event: DreamHack SC2 Masters 2022 Atlanta (Offline)

VOD

Have the link to the VOD?

Description

Time

  • Played on: Nov. 18, 2022, 8:14 p.m.
  • Length: 14:43

All games in this series

Show
View Real Time Build Order
Export as new Build Order

GuMiho Terran - Winner!

Build Orders: Mech 

Get SALT Encoding   

  12  0:00  SCV  
  13  0:12  SCV  
  14  0:17  Supply Depot  
  14  0:24  SCV  
  15  0:38  SCV  
  15  0:42  Barracks  
  16  0:46  Refinery  
  16  0:58  Barracks  
  16  1:02  SCV  
  17  1:14  SCV  
  17  1:15  Refinery  
  18  1:28  Orbital Command  
  18  1:31  Reaper  
  19  1:47  Reaper  
  19  1:50  Supply Depot  
  20  1:54  SCV  
  21  2:03  Reaper  
  21  2:06  SCV  
  23  2:14  Factory  
  23  2:18  SCV  
  23  2:21  Reaper  
  25  2:31  SCV  
  25  2:35  Reaper  
  27  2:39  Supply Depot  
  27  2:43  SCV  
  28  2:55  SCV  
  28  2:58  Factory Tech Lab  
  29  3:11  Command Center  
  29  3:13  SCV  
  30  3:20  Cyclone  
  30  3:26  SCV  
  34  3:38  SCV  
  34  3:49  Starport  
  34  3:50  SCV  
  34  3:53  Cyclone  
  39  4:02  SCV  
  39  4:22  Barracks Reactor, SCV, Orbital Command  
  39  4:23  Mag-Field Accelerator  
  40  4:25  Cyclone  
  43  4:34  Medivac  
  43  4:37  SCV  
  46  4:41  Refinery  
  46  4:49  Command Center, SCV  
  46  4:51  Supply Depot  
  46  4:52  SCV  
  48  4:58  Siege Tank  
  51  5:01  SCV  
  52  5:08  SCV, Refinery  
  52  5:09  Supply Depot  
  53  5:22  Liberator  
  53  5:23  SCV x2  
  58  5:30  Barracks Tech Lab  
  58  5:34  Supply Depot  
  58  5:35  Supply Depot  
  58  5:36  Siege Tank  
  58  5:37  SCV x2  
  63  5:49  SCV x2  
  63  5:59  Viking  
  63  6:01  SCV x2  
  63  6:02  Orbital Command  
  63  6:04  Viking  
  64  6:13  SCV  
  64  6:14  SCV  
  64  6:15  Siege Tank  
  69  6:22  Orbital Command  
  69  6:25  SCV  
  69  6:26  SCV  
  69  6:28  Viking  
  73  6:34  Viking  
  73  6:38  SCV  
  76  6:42  Factory  
  76  6:44  SCV, Factory  
  77  6:48  Barracks Reactor  
  77  6:49  SCV  
  77  6:50  SCV  
  79  6:56  SCV  
  79  6:59  Viking  
  82  7:02  SCV  
  82  7:04  Viking  
  85  7:09  Engineering Bay, SCV  
  85  7:13  Siege Tank  
  85  7:15  SCV  
  90  7:16  SCV  
  90  7:21  SCV  
  90  7:22  Supply Depot  
  92  7:27  SCV  
  92  7:28  SCV  
  94  7:33  SCV  
  93  7:41  Viking x2  
  94  7:45  Siege Tank x2  
  94  7:48  SCV x2  
  102  7:55  SCV  
  103  8:00  SCV x2  
  105  8:11  SCV  
  105  8:12  SCV, Viking x2  
  108  8:16  SCV  
  108  8:18  Refinery  
  108  8:19  Refinery  
  109  8:25  Supply Depot x2  
  109  8:26  Supply Depot, SCV x2, Siege Tank  
  114  8:42  Viking, Siege Tank  
  114  8:43  Hellion x2  
  123  8:58  Siege Tank  
  105  9:04  Hellion x2  
  105  9:08  Liberator  
  105  9:09  SCV x2  
  99  9:14  Command Center, Siege Tank  
  99  9:15  Liberator, Missile Turret  
  99  9:16  Missile Turret  
  99  9:18  Missile Turret  
  99  9:24  Missile Turret  
  99  9:25  Missile Turret  
  99  9:26  Hellion, Missile Turret  
  101  9:31  Widow Mine, Siege Tank  
  104  9:47  Hellion x2  
  104  9:51  Viking  
  108  9:53  Hellion  
  108  9:58  Viking  
  112  10:00  Armory  
  112  10:01  Armory  
  112  10:03  Siege Tank  
  112  10:05  SCV x2  
  112  10:06  SCV  
  118  10:08  Siege Tank  
  118  10:11  Missile Turret  
  118  10:14  Hellion x2  
  123  10:16  Infernal Pre-Igniter  
  125  10:32  SCV x3  
  128  10:35  Supply Depot, Siege Tank  
  128  10:36  Hellion x5  
  128  10:39  Hellion x2  
  128  10:40  Siege Tank  
  128  10:41  Sensor Tower  
  138  10:49  Supply Depot  
  132  11:03  Hellion  
  132  11:04  Hellion  
  136  11:06  Terran Vehicle Weapons Level 1  
  136  11:07  Terran Vehicle And Ship Armor Level 1  
  136  11:08  Siege Tank  
  139  11:12  Siege Tank  
  133  11:25  Hellion x2  
  137  11:30  Factory  
  137  11:31  Factory  
  137  11:37  Planetary Fortress  
  135  11:40  Siege Tank  
  135  11:44  Siege Tank  
  135  11:46  Hellion x2  
  145  11:49  Viking x2  
  147  12:04  Refinery  
  147  12:08  Hellion x2  
  145  12:10  Refinery  
  145  12:12  Siege Tank  
  145  12:13  Missile Turret, Sensor Tower  
  148  12:16  Hellion  
  148  12:18  Factory Tech Lab, Factory Reactor  
  148  12:19  Viking x2, SCV x3  
  148  12:20  SCV  
  156  12:29  Hellion x2  
  160  12:37  Siege Tank  
  160  12:38  Hellion  
  168  12:44  Siege Tank  
  168  12:47  Missile Turret  
  168  12:50  Hellion x2, Missile Turret  
  168  12:51  Viking  
  172  12:59  Hellion  
  174  13:08  Command Center  
  174  13:09  Command Center  
  174  13:10  Hellion  
  174  13:12  Hellion  
  178  13:16  Siege Tank  
  178  13:18  Starport  
  178  13:19  Fusion Core  
  179  13:20  Starport  
  179  13:38  Supply Depot x3  
  179  13:40  Command Center  
  179  13:53  Hellion x4  
  179  13:54  Siege Tank  
  180  14:02  Starport Tech Lab  
  174  14:10  Missile Turret  
  174  14:11  Missile Turret  
Show
View Real Time Build Order
Export as new Build Order

Vindicta Terran 

Build Orders:  

Get SALT Encoding   

  12  0:00  SCV  
  13  0:12  SCV  
  14  0:17  Supply Depot  
  14  0:24  SCV  
  15  0:39  SCV  
  15  0:40  Barracks  
  16  0:43  Refinery  
  16  0:51  SCV  
  16  0:53  Refinery  
  17  1:03  SCV  
  18  1:15  SCV  
  19  1:27  Reaper  
  19  1:28  Orbital Command  
  19  1:30  Supply Depot  
  20  1:44  Factory  
  20  1:55  SCV  
  20  1:59  Marine  
  22  2:07  SCV  
  22  2:17  Marine  
  22  2:19  SCV  
  24  2:28  Hellion  
  26  2:31  SCV  
  26  2:35  Marine  
  28  2:43  Command Center  
  27  2:50  Hellion  
  29  2:56  Supply Depot  
  28  3:00  SCV  
  28  3:01  Marine  
  30  3:12  SCV  
  31  3:18  Hellion  
  33  3:22  Starport  
  33  3:29  Supply Depot  
  33  3:40  Hellion  
  33  3:41  SCV  
  34  3:52  Barracks Reactor  
  34  3:53  SCV  
  35  4:05  SCV, Starport Tech Lab, Orbital Command  
  35  4:09  Factory Tech Lab  
  36  4:14  Orbital Command  
  36  4:17  SCV  
  36  4:23  Raven  
  39  4:27  Cyclone  
  42  4:34  Marine x2  
  42  4:36  Orbital Command  
  42  4:37  SCV  
  44  4:48  Command Center  
  44  4:56  SCV  
  44  4:59  Siege Tank  
  48  5:04  SCV  
  49  5:08  SCV  
  49  5:09  Supply Depot  
  49  5:13  Raven  
  52  5:16  SCV  
  52  5:17  Marine x2  
  52  5:20  SCV  
  55  5:28  SCV  
  56  5:29  Refinery  
  56  5:30  Refinery  
  56  5:32  SCV  
  56  5:33  Siege Tank  
  60  5:40  SCV  
  60  5:41  Marine x2  
  63  5:44  SCV  
  59  5:52  SCV  
  59  5:56  SCV  
  61  5:58  Marine  
  61  6:00  Raven  
  61  6:01  Orbital Command  
  61  6:02  Marine  
  65  6:04  SCV  
  65  6:09  SCV  
  65  6:10  Supply Depot  
  67  6:15  Siege Tank  
  67  6:16  SCV, Marine  
  67  6:17  Barracks  
  67  6:18  Barracks  
  72  6:21  SCV  
  71  6:29  Marine  
  74  6:32  SCV  
  74  6:33  Supply Depot, SCV  
  74  6:34  Marine  
  74  6:36  Engineering Bay  
  74  6:38  Engineering Bay, SCV  
  76  6:44  SCV  
  76  6:45  SCV  
  78  6:48  Siege Tank  
  78  6:50  SCV  
  82  6:57  SCV x2  
  82  7:03  Viking x2  
  82  7:04  Terran Infantry Armor Level 1, Terran Infantry Weapons Level 1  
  82  7:06  Barracks Tech Lab  
  87  7:11  Barracks Reactor, SCV  
  87  7:15  Marauder  
  90  7:16  Stimpack  
  90  7:23  SCV  
  90  7:24  Combat Shield  
  90  7:25  Orbital Command  
  90  7:29  Supply Depot, Marauder  
  92  7:32  SCV  
  92  7:35  Marine  
  88  7:41  SCV  
  85  7:45  Medivac  
  85  7:50  Marauder  
  87  7:52  Medivac  
  87  7:53  Marine x2  
  87  7:54  Marauder  
  87  7:55  Barracks x2, SCV x2  
  95  8:00  SCV  
  96  8:08  SCV  
  96  8:10  Marine  
  96  8:11  Marine x2  
  97  8:15  Medivac, Marine  
  97  8:20  SCV x2  
  97  8:22  Medivac  
  101  8:28  Marine x2  
  101  8:29  Marauder  
  101  8:30  Siege Tank  
  101  8:33  SCV, Marauder  
  109  8:39  Supply Depot  
  107  8:42  Marine x2  
  107  8:43  Concussive Shells  
  108  8:49  Marine  
  108  8:50  Orbital Command  
  108  8:55  Marine x2  
  109  8:57  Marauder  
  109  9:00  SCV, Marine x2  
  75  9:04  SCV  
  75  9:07  Marine  
  64  9:13  SCV, Marauder, Marine  
  64  9:14  Medivac  
  64  9:15  Medivac  
  70  9:19  Marauder, Marine  
  73  9:25  Siege Tank  
  73  9:28  Marine  
  77  9:35  Marauder  
  77  9:36  Marine  
  80  9:39  Marine  
  80  9:40  Marauder, Marine  
  84  9:46  Marine  
  85  9:54  Marine  
  85  9:56  Marauder, Marine  
  89  10:01  Marauder  
  89  10:03  Marine  
  89  10:05  SCV x2  
  94  10:13  Medivac  
  96  10:15  Marine  
  96  10:16  Marine x2  
  96  10:18  Medivac  
  96  10:21  Marine  
  102  10:31  Marine  
  102  10:32  Marauder  
  102  10:34  Marine x2  
  107  10:38  Supply Depot  
  107  10:49  Marauder  
  109  10:53  Marauder, Marine  
  109  10:54  Marine x2  
  109  10:56  Marine  
  114  11:11  Marauder, Marine x2  
  116  11:12  Marine  
  116  11:14  Marine x2  
  117  11:19  Orbital Command  
  117  11:27  SCV  
  117  11:29  Marine x2  
  123  11:35  Medivac  
  123  11:36  Marine  
  123  11:39  Marine  
  127  11:42  Supply Depot  
  127  11:43  Supply Depot, SCV  
  127  11:45  Hellion  
  126  11:48  Marine  
  126  11:51  Marine  
  126  11:52  SCV  
  126  11:53  SCV  
  130  12:02  SCV  
  130  12:04  SCV  
  130  12:07  Siege Tank  
  137  12:13  Marine  
  137  12:15  Supply Depot  
  135  12:16  Supply Depot  
  135  12:19  Marauder  
  135  12:22  SCV  
  139  12:26  Marauder  
  139  12:27  Barracks Tech Lab  
  139  12:28  Barracks Tech Lab  
  140  12:32  SCV  
  141  12:40  Marauder  
  142  12:48  Marauder  
  144  12:52  Marauder  
  144  12:53  SCV x2  
  144  12:56  SCV  
  151  13:02  Marauder  
  151  13:05  SCV x2  
  155  13:09  Marine  
  155  13:10  Marine  
  155  13:11  SCV  
  156  13:13  Armory  
  156  13:16  Siege Tank  
  156  13:17  SCV  
  160  13:21  Marine  
  160  13:23  Refinery  
  160  13:24  SCV, Marine, Refinery  
  160  13:26  Marine  
  164  13:32  Marine  
  165  13:38  Medivac  
  165  13:40  Supply Depot  
  165  13:47  Marine  
  165  13:49  SCV  
  165  13:51  Marine  
  165  13:52  SCV  
  165  13:53  SCV, Marauder  
  165  13:58  Marine  
  164  14:05  Marauder  
  166  14:10  SCV  
  166  14:13  Marauder  
  166  14:14  Marine  
  166  14:15  Marine  
  171  14:17  SCV  
  171  14:19  Marauder  
Tags
 
Add a new tag
Caveats
  • Supply blocks, unpowered buildings, or Contaminate may cause inaccurate times.
  • Supply counts are checked every 10 seconds.